Blackhawks vs Ducks

Created - 5 décembre 2017 at 06:09

Goals
1 2 3 T
Blackhawks 0 1 0 1
Ducks 0 2 1 3
Shots
1 2 3 T
Blackhawks 7 14 13 34
Ducks 5 16 9 30

1st period

No Goal

Penalties :
No Penalty

2nd period

1. Ducks , Patrik Laine 14 (David Krejci 21, Rasmus Ristolainen 15) at 9:22
2. Ducks , Craig Smith 8 (Trevor Lewis 6, Tom Wilson 7) at 14:06
3. Blackhawks , Zach Parise 9 (Ryan Ellis 7, Henrik Zetterberg 13) at 17:28 (PP)

Penalties :
Milan Lucic (ANA) for Slashing (Minor) at 4:11, Andrew Shaw (CHI) for Boarding (Minor) at 14:32, Trevor Lewis (ANA) for Goalie Interference (Minor) at 17:14

3rd period

4. Ducks , Patrik Laine 15 (Milan Lucic 13, Jordan Staal 18) at 19:11

Penalties :
Andrew Shaw (CHI) for Cross-checking (Minor) at 9:44, Tom Wilson (ANA) for Elbowing (Minor) at 12:16, Andrei Markov (CHI) for Holding Stick (Minor) at 19:51

Goalie Stats

Mike Condon (CHI), 27 saves from 30 shots - (0,900), L, 0-1-0, 60:00 minutes
Cam Ward (ANA), 33 saves from 34 shots - (0,971), W, 11-5-1, 60:00 minutes

Players Stats for Blackhawks

Player Name              G  A  P  +/- PIM S  H  SB GA TA FO     MP     PP MP  PK MP  
------------------------------------------------------------------------------------
Alexander Steen          0  0  0  -2  0   0  1  0  0  2  0/0    18:22   2:00   0:34 
Andrei Markov            0  0  0  -1  2   2  2  0  0  0  0/0    22:17   2:25   1:43 
Andrew Shaw              0  0  0   0  4   4  1  0  0  1  0/1    17:06   2:17   0:00 
Andy Greene              0  0  0  -2  0   2  1  1  0  1  0/0    21:12   1:47   2:15 
Brandon Davidson         0  0  0   0  0   0  2  1  0  0  0/0    14:23   0:00   0:08 
Cam Atkinson             0  0  0  -2  0   3  0  1  1  0  0/1    17:48   2:00   0:00 
Carl Hagelin             0  0  0  -1  0   2  1  1  0  0  0/0    13:35   0:00   1:02 
Chris Kunitz             0  0  0   0  0   0  1  1  0  1  0/0    10:58   1:21   0:25 
Derek Forbort            0  0  0   0  0   0  0  1  0  1  0/0    14:26   0:00   0:00 
Eric Staal               0  0  0   0  0   2  1  0  1  0  7/19   14:34   0:23   0:00 
Henrik Zetterberg        0  1  1  -2  0   4  1  1  1  0  11/17  21:03   2:22   2:30 
Johan Larsson            0  0  0   0  0   1  0  0  1  0  1/3    10:17   0:00   1:11 
Niklas Hjalmarsson       0  0  0  -2  0   1  2  2  0  1  0/0    21:18   1:47   2:15 
Ryan Ellis               0  1  1  -1  0   3  2  3  1  1  0/0    22:40   2:25   1:51 
Sven Andrighetto         0  0  0  -1  0   2  0  0  0  0  0/0    12:10   0:00   0:00 
Vladislav Namestnikov    0  0  0   0  0   2  0  0  0  0  0/0     9:04   0:00   0:00 
Yanni Gourde             0  0  0  -1  0   2  1  1  1  1  3/6    12:07   0:00   0:00 
Zach Parise              1  0  1   0  0   4  2  0  3  0  1/2    19:15   2:13   2:30 

Players Stats for Ducks

Player Name              G  A  P  +/- PIM S  H  SB GA TA FO     MP     PP MP  PK MP  
------------------------------------------------------------------------------------
Cody McLeod              0  0  0   0  0   0  1  0  0  1  0/0    10:08   0:00   0:59 
Connor Carrick           0  0  0   1  0   0  0  1  0  1  0/0    11:23   0:00   0:00 
Craig Smith              1  0  1   1  0   2  0  0  1  0  0/0    12:50   0:00   0:34 
David Krejci             0  1  1   1  0   3  1  0  2  0  2/4    17:30   1:39   0:47 
Deryk Engelland          0  0  0   2  0   2  1  1  0  1  0/0    19:16   1:33   2:14 
Jack Johnson             0  0  0   0  0   0  0  0  0  1  0/0    21:09   0:00   0:00 
Jean-Gabriel Pageau      0  0  0   0  0   1  4  1  1  0  0/1    17:38   1:39   0:33 
Jonathan Ericsson        0  0  0   1  0   1  0  0  0  0  0/0    15:02   1:06   2:14 
Jordan Staal             0  1  1   1  0   3  3  0  0  1  14/23  18:08   2:27   0:00 
Milan Lucic              0  1  1   2  2   1  1  0  0  0  1/1    17:49   2:27   0:00 
Nick Leddy               0  0  0   0  0   7  1  0  0  1  0/0    27:42   3:00   1:58 
Patrik Laine             2  0  2   2  0   5  2  0  1  2  0/0    17:42   2:27   0:00 
Phillip Danault          0  0  0   0  0   2  0  0  1  0  3/7    17:51   0:00   2:30 
Rasmus Ristolainen       0  1  1   2  0   1  0  7  1  1  0/0    21:58   2:33   1:58 
Riley Nash               0  0  0   0  0   0  0  1  0  0  2/3     8:52   0:00   0:00 
Tom Wilson               0  1  1   1  2   1  2  0  2  0  0/1    15:22   1:39   1:28 
Tommy Wingels            0  0  0   0  0   0  1  0  0  0  0/0     9:19   0:00   0:33 
Trevor Lewis             0  1  1   1  2   1  2  1  0  0  4/9    13:12   0:00   1:00 

3 Stars

1 - Patrik Laine (ANA)
2 - Cam Ward (ANA)
3 - Rasmus Ristolainen (ANA)

Power Play

Blackhawks - 1 on 3 Attempt(s) - 33,33%
Ducks - 0 on 3 Attempt(s) - 0,00%

Penalty Kill

Blackhawks - 3 on 3 Attempt(s) - 100,00% - Score 0 goal in Penalty Kill
Ducks - 2 on 3 Attempt(s) - 66,67% - Score 0 goal in Penalty Kill

Team Stat

Blackhawks - Hits : 18 - Faceoff Wins : 23 - Blocked Shots : 13 - Penalty Minutes : 6
Ducks - Hits : 19 - Faceoff Wins : 26 - Blocked Shots : 12 - Penalty Minutes : 6

Official

Referees : Trevor Hanson and Ghislain Hebert
Linesman : Brian Mach and Ryan Galloway

Game Notes

No Game Note

Finance

Level 1 -- Attendance: 4846 (80,77%) -- Ticket Income 484 600 $
Level 2 -- Attendance: 5000 (100,00%) -- Ticket Income 300 000 $
Level 3 -- Attendance: 1873 (93,65%) -- Ticket Income 65 555 $
Level 4 -- Attendance: 4000 (100,00%) -- Ticket Income 80 000 $
Luxury Box -- Attendance: 703 (70,30%) -- Ticket Income 140 600 $
Game was played at the The Pound.
Total Attendance: 16422 (91,23%)
Total Ticket Income: 1 070 755 $
Other Income: 524 670 $
Total Income: 1 595 425 $

Blackhawks

5 vs 5 Forward 
   Center                   Left Wing                Right Wing               Time % Phy DF OF 
 1 Eric Staal               Zach Parise              Andrew Shaw              36     0   1  4  
 2 Henrik Zetterberg        Alexander Steen          Cam Atkinson             34     0   1  4  
 3 Yanni Gourde             Sven Andrighetto         Carl Hagelin             20     0   2  3  
 4 Johan Larsson            Chris Kunitz             Vladislav Namestnikov    10     0   2  3  

5 vs 5 Defense 
   Defense                  Defense                                           Time % Phy DF OF 
 1 Andrei Markov            Ryan Ellis                                        37     1   2  2  
 2 Niklas Hjalmarsson       Andy Greene                                       35     1   2  2  
 3 Derek Forbort            Brandon Davidson                                  28     1   2  2  
 4 Andrei Markov            Ryan Ellis                                        0      1   2  2  

PowerPlay Forward 
   Center                   Left Wing                Right Wing               Time % Phy DF OF 
 1 Henrik Zetterberg        Zach Parise              Andrew Shaw              60     0   0  5  
 2 Henrik Zetterberg        Cam Atkinson             Alexander Steen          40     0   0  5  

PowerPlay Defense
   Defense                  Defense                                           Time % Phy DF OF 
 1 Andrei Markov            Ryan Ellis                                        60     1   2  2  
 2 Niklas Hjalmarsson       Andy Greene                                       40     1   2  2  

Penalty Kill 4 Players Forward 
   Center                   Wing                     Time % Phy DF OF 
 1 Henrik Zetterberg        Zach Parise              60     1   2  2  
 2 Andrew Shaw              Carl Hagelin             40     1   2  2  

Penalty Kill 4 Players Defense
   Defense                  Defense                  Time % Phy DF OF 
 1 Andrei Markov            Ryan Ellis               60     1   2  2  
 2 Niklas Hjalmarsson       Andy Greene              40     1   2  2  

Penalty Kill - 3 Players Forward 
   Forward                                           Time % Phy DF OF 
 1 Henrik Zetterberg                                 60     1   2  2  
 2 Zach Parise                                       40     1   2  2  

Penalty Kill - 3 Players Defense
   Defense                  Defense                  Time % Phy DF OF 
 1 Andrei Markov            Ryan Ellis               60     1   2  2  
 2 Niklas Hjalmarsson       Andy Greene              40     1   2  2  

4 vs 4 Forward 
   Center                   Wing                     Time % Phy DF OF 
 1 Henrik Zetterberg        Zach Parise              60     1   2  2  
 2 Andrew Shaw              Carl Hagelin             40     1   2  2  

4 vs 4 Defense
   Defense                  Defense                  Time % Phy DF OF 
 1 Andrei Markov            Ryan Ellis               60     1   2  2  
 2 Niklas Hjalmarsson       Andy Greene              40     1   2  2  

Last Minutes Offensive
   Center                   Left Wing                Right Wing               Defense                  Defense                  
   Henrik Zetterberg        Zach Parise              Andrew Shaw              Andrei Markov            Ryan Ellis               

Last Minutes Defensive
   Center                   Left Wing                Right Wing               Defense                  Defense                  
   Henrik Zetterberg        Zach Parise              Andrew Shaw              Andrei Markov            Ryan Ellis               

Goaltenders
Starting : Mike Condon              
Backup : Frederik Andersen        

Extra Forwards
Normal : Henrik Zetterberg, Chris Kunitz, Johan Larsson - PP : Henrik Zetterberg, Chris Kunitz - PK : Johan Larsson
Extra Defensemen
Normal : Derek Forbort, Brandon Davidson, Niklas Hjalmarsson - PP : Derek Forbort - PK : Brandon Davidson, Niklas Hjalmarsson
Penalty Shots
Henrik Zetterberg, Zach Parise, Andrew Shaw, Carl Hagelin, Chris Kunitz
Custom OT Lines Forwards
Henrik Zetterberg, Zach Parise, Andrew Shaw, Carl Hagelin, Chris Kunitz, Vladislav Namestnikov, Sven Andrighetto, Johan Larsson, Yanni Gourde, Cam Atkinson
Custom OT Lines Defensemen
Andrei Markov, Ryan Ellis, Niklas Hjalmarsson, Andy Greene, Derek Forbort

Scratches
Tanner Glass (Healthy)

Ducks

5 vs 5 Forward 
   Center                   Left Wing                Right Wing               Time % Phy DF OF 
 1 Jordan Staal             Phillip Danault          Jean-Gabriel Pageau      40     1   2  2  
 2 David Krejci             Milan Lucic              Patrik Laine             30     1   2  2  
 3 Trevor Lewis             Craig Smith              Tom Wilson               20     1   2  2  
 4 Riley Nash               Tommy Wingels            Cody McLeod              10     1   2  2  

5 vs 5 Defense 
   Defense                  Defense                                           Time % Phy DF OF 
 1 Jack Johnson             Nick Leddy                                        40     1   2  2  
 2 Rasmus Ristolainen       Deryk Engelland                                   30     1   2  2  
 3 Jonathan Ericsson        Connor Carrick                                    20     1   2  2  
 4 Nick Leddy               Jack Johnson                                      10     1   2  2  

PowerPlay Forward 
   Center                   Left Wing                Right Wing               Time % Phy DF OF 
 1 Jordan Staal             Milan Lucic              Patrik Laine             60     1   2  2  
 2 David Krejci             Jean-Gabriel Pageau      Tom Wilson               40     1   2  2  

PowerPlay Defense
   Defense                  Defense                                           Time % Phy DF OF 
 1 Rasmus Ristolainen       Nick Leddy                                        60     1   2  2  
 2 Nick Leddy               Deryk Engelland                                   40     1   2  2  

Penalty Kill 4 Players Forward 
   Center                   Wing                     Time % Phy DF OF 
 1 Phillip Danault          Tom Wilson               60     1   2  2  
 2 Jean-Gabriel Pageau      Tommy Wingels            40     1   2  2  

Penalty Kill 4 Players Defense
   Defense                  Defense                  Time % Phy DF OF 
 1 Jonathan Ericsson        Deryk Engelland          60     1   2  2  
 2 Nick Leddy               Rasmus Ristolainen       40     1   2  2  

Penalty Kill - 3 Players Forward 
   Forward                                           Time % Phy DF OF 
 1 Jean-Gabriel Pageau                               60     1   2  2  
 2 David Krejci                                      40     1   2  2  

Penalty Kill - 3 Players Defense
   Defense                  Defense                  Time % Phy DF OF 
 1 Rasmus Ristolainen       Jonathan Ericsson        60     1   2  2  
 2 Nick Leddy               Deryk Engelland          40     1   2  2  

4 vs 4 Forward 
   Center                   Wing                     Time % Phy DF OF 
 1 Jordan Staal             Patrik Laine             60     1   2  2  
 2 David Krejci             Milan Lucic              40     1   2  2  

4 vs 4 Defense
   Defense                  Defense                  Time % Phy DF OF 
 1 Rasmus Ristolainen       Jack Johnson             60     1   2  2  
 2 Nick Leddy               Deryk Engelland          40     1   2  2  

Last Minutes Offensive
   Center                   Left Wing                Right Wing               Defense                  Defense                  
   Jordan Staal             Milan Lucic              Patrik Laine             Rasmus Ristolainen       Jack Johnson             

Last Minutes Defensive
   Center                   Left Wing                Right Wing               Defense                  Defense                  
   Jordan Staal             Milan Lucic              Patrik Laine             Rasmus Ristolainen       Jack Johnson             

Goaltenders
Starting : Cam Ward                 
Backup : Jacob Markstrom          

Extra Forwards
Normal : Phillip Danault, Craig Smith, Trevor Lewis - PP : Phillip Danault, Craig Smith - PK : Trevor Lewis
Extra Defensemen
Normal : Jonathan Ericsson, Connor Carrick, Nick Leddy - PP : Jonathan Ericsson - PK : Connor Carrick, Nick Leddy
Penalty Shots
Jordan Staal, David Krejci, Milan Lucic, Patrik Laine, Jean-Gabriel Pageau
Custom OT Lines Forwards
Jordan Staal, David Krejci, Milan Lucic, Patrik Laine, Jean-Gabriel Pageau, Phillip Danault, Tom Wilson, Craig Smith, Trevor Lewis, Riley Nash
Custom OT Lines Defensemen
Rasmus Ristolainen, Jack Johnson, Nick Leddy, Deryk Engelland, Jonathan Ericsson

Scratches
Jordin Tootoo (Healthy)

% Time on Ice - Blackhawks

Lines # - Real PCT - Wanted PCT - Time Play
Normal Forward
1 - 30% - 36% - 15:35
2 - 31% - 34% - 15:55
3 - 23% - 20% - 12:08
4 - 16% - 10% - 8:04
Normal Defense
1 - 38% - 37% - 19:28
2 - 35% - 35% - 18:06
3 - 27% - 28% - 14:08
4 - 0% - 0% - 0:00
PP Forward
1 - 57% - 60% - 2:24
2 - 43% - 40% - 1:48
PP Defense
1 - 58% - 60% - 2:25
2 - 42% - 40% - 1:47
PK Forward
1 - 75% - 60% - 3:04
2 - 25% - 40% - 1:02
PK Defense
1 - 45% - 60% - 1:51
2 - 55% - 40% - 2:15
PK3 Forward
1 - 0% - 60%
2 - 0% - 40%
PK3 Defense
1 - 0% - 60%
2 - 0% - 40%
44 Forward
1 - 0% - 60%
2 - 0% - 40%
44 Defense
1 - 0% - 60%
2 - 0% - 40%
Last Minute Offensive  - 0:00
Last Minute Defensive  - 0:00
Total
Forward - 60:00
Defense - 60:00

% Time on Ice - Ducks

Lines # - Real PCT - Wanted PCT - Time Play
Normal Forward
1 - 32% - 40% - 16:38
2 - 29% - 30% - 14:50
3 - 22% - 20% - 11:31
4 - 16% - 10% - 8:18
Normal Defense
1 - 40% - 40% - 20:32
2 - 33% - 30% - 17:02
3 - 22% - 20% - 11:26
4 - 4% - 10% - 2:17
PP Forward
1 - 60% - 60% - 2:27
2 - 40% - 40% - 1:39
PP Defense
1 - 62% - 60% - 2:33
2 - 38% - 40% - 1:33
PK Forward
1 - 87% - 60% - 3:39
2 - 13% - 40% - 0:33
PK Defense
1 - 53% - 60% - 2:14
2 - 47% - 40% - 1:58
PK3 Forward
1 - 0% - 60%
2 - 0% - 40%
PK3 Defense
1 - 0% - 60%
2 - 0% - 40%
44 Forward
1 - 0% - 60%
2 - 0% - 40%
44 Defense
1 - 0% - 60%
2 - 0% - 40%
Last Minute Offensive  - 0:00
Last Minute Defensive  - 0:25
Total
Forward - 60:00
Defense - 60:00

Play by Play

1st period


0:01 of 1st period - Eric Staal wins face-off versus Jordan Staal in neutral zone.
0:30 of 1st period - Wrist shot by David Krejci.
0:30 of 1st period - Shot Misses the Net.
0:32 of 1st period - Slapshot by Rasmus Ristolainen.
0:32 of 1st period - Shot Misses the Net.
0:54 of 1st period - Snap shot by Rasmus Ristolainen.
0:54 of 1st period - Shot Blocked by Niklas Hjalmarsson.
1:14 of 1st period - Slapshot by Zach Parise.
1:14 of 1st period - Shot Blocked by Rasmus Ristolainen.
1:16 of 1st period - Slapshot by Andy Greene.
1:16 of 1st period - Stopped by Cam Ward with a rebound.
1:18 of 1st period - Slapshot by Niklas Hjalmarsson.
1:18 of 1st period - Shot Blocked by Rasmus Ristolainen.
1:20 of 1st period - Snap shot by Niklas Hjalmarsson.
1:20 of 1st period - Deflect By Zach Parise.
1:20 of 1st period - Shot Blocked by Rasmus Ristolainen.
1:20 of 1st period - Puck is out of play.
1:21 of 1st period - Jordan Staal wins face-off versus Eric Staal in Ducks zone.
1:37 of 1st period - Off-side.
1:38 of 1st period - Henrik Zetterberg wins face-off versus David Krejci in neutral zone.
1:51 of 1st period - Snap shot by Cam Atkinson.
1:51 of 1st period - Shot Hit the Post.
1:57 of 1st period - Milan Lucic is hit by Henrik Zetterberg and loses puck.
2:04 of 1st period - Jack Johnson is hit by Brandon Davidson and loses puck.
2:32 of 1st period - Wrist shot by Henrik Zetterberg.
2:32 of 1st period - Deflect By Cam Atkinson.
2:32 of 1st period - Stopped by Cam Ward with a rebound.
3:22 of 1st period - Snap shot by Cam Atkinson.
3:22 of 1st period - Deflect By Henrik Zetterberg.
3:22 of 1st period - Stopped by Cam Ward with a rebound.
4:17 of 1st period - Slapshot by David Krejci.
4:17 of 1st period - Stopped by Mike Condon with a rebound.
5:15 of 1st period - Snap shot by Henrik Zetterberg.
5:15 of 1st period - Shot Misses the Net.
5:27 of 1st period - Wrist shot by David Krejci.
5:27 of 1st period - Shot Blocked by Brandon Davidson.
5:29 of 1st period - Slapshot by Nick Leddy.
5:29 of 1st period - Shot Misses the Net.
5:31 of 1st period - Slapshot by Nick Leddy.
5:31 of 1st period - Stopped by Mike Condon with a rebound.
5:33 of 1st period - Slapshot by Jack Johnson.
5:33 of 1st period - Shot Blocked by Derek Forbort.
6:08 of 1st period - Wrist shot by David Krejci.
6:08 of 1st period - Shot Misses the Net.
6:10 of 1st period - Slapshot by Nick Leddy.
6:10 of 1st period - Stopped by Mike Condon with a rebound.
6:14 of 1st period - Slapshot by Patrik Laine.
6:14 of 1st period - Deflect By David Krejci.
6:14 of 1st period - Stopped by Mike Condon with a rebound.
6:24 of 1st period - Wrist shot by David Krejci.
6:24 of 1st period - Shot Misses the Net.
6:26 of 1st period - Slapshot by David Krejci.
6:26 of 1st period - Shot Misses the Net.
6:34 of 1st period - Derek Forbort is hit by Patrik Laine and loses puck.
7:15 of 1st period - Slapshot by Cam Atkinson.
7:15 of 1st period - Stopped by Cam Ward with a rebound.
7:43 of 1st period - Snap shot by Cam Atkinson.
7:43 of 1st period - Shot Misses the Net.
8:40 of 1st period - Off-side.
8:41 of 1st period - Eric Staal wins face-off versus Jordan Staal in neutral zone.
8:43 of 1st period - Off-side.
8:44 of 1st period - Phillip Danault wins face-off versus Eric Staal in neutral zone.
8:53 of 1st period - Deryk Engelland is hit by Eric Staal and loses puck.
9:36 of 1st period - Wrist shot by Yanni Gourde.
9:36 of 1st period - Shot Blocked by Deryk Engelland.
9:59 of 1st period - Snap shot by Zach Parise.
9:59 of 1st period - Stopped by Cam Ward with a rebound.
10:01 of 1st period - Slapshot by Ryan Ellis.
10:01 of 1st period - Stopped by Cam Ward without a rebound.
10:02 of 1st period - Eric Staal wins face-off versus Trevor Lewis in Ducks zone.
10:05 of 1st period - Snap shot by Zach Parise.
10:05 of 1st period - Shot Misses the Net.
10:36 of 1st period - Snap shot by Jordan Staal.
10:36 of 1st period - Stopped by Mike Condon with a rebound.
10:52 of 1st period - Wrist shot by Vladislav Namestnikov.
10:52 of 1st period - Stopped by Cam Ward with a rebound.
11:11 of 1st period - Niklas Hjalmarsson is hit by Trevor Lewis and loses puck.
11:24 of 1st period - Jordan Staal is hit by Niklas Hjalmarsson and loses puck.
11:33 of 1st period - Ryan Ellis is hit by Jean-Gabriel Pageau and loses puck.
12:04 of 1st period - Yanni Gourde is hit by Tom Wilson and loses puck.
12:15 of 1st period - Jean-Gabriel Pageau is hit by Ryan Ellis and loses puck.
12:59 of 1st period - Icing by Niklas Hjalmarsson.
13:00 of 1st period - Riley Nash wins face-off versus Zach Parise in Blackhawks zone.
14:57 of 1st period - Phillip Danault is hit by Chris Kunitz.
19:08 of 1st period - Jean-Gabriel Pageau is hit by Ryan Ellis and loses puck.
19:31 of 1st period - Johan Larsson is hit by Jordan Staal and loses puck.
19:56 of 1st period - Andy Greene is hit by Deryk Engelland and loses puck.
Goals for this period are 0 for Blackhawks vs 0 for Ducks.
Shots for this period are 7 for Blackhawks vs 5 for Ducks.

2nd period


0:01 of 2nd period - Jordan Staal wins face-off versus Eric Staal in neutral zone.
0:14 of 2nd period - Snap shot by Andrew Shaw.
0:14 of 2nd period - Shot Misses the Net.
0:32 of 2nd period - Backhand shot by Craig Smith.
0:32 of 2nd period - Shot Blocked by Ryan Ellis.
0:34 of 2nd period - Wrist shot by Nick Leddy.
0:34 of 2nd period - Stopped by Mike Condon without a rebound.
0:35 of 2nd period - Yanni Gourde wins face-off versus Trevor Lewis in Blackhawks zone.
0:54 of 2nd period - Tom Wilson is hit by Yanni Gourde and loses puck.
1:10 of 2nd period - Slapshot by Andrei Markov.
1:10 of 2nd period - Shot Misses the Net.
1:12 of 2nd period - Snap shot by Sven Andrighetto.
1:12 of 2nd period - Shot Misses the Net.
1:14 of 2nd period - Snap shot by Sven Andrighetto.
1:14 of 2nd period - Shot Misses the Net.
1:16 of 2nd period - Snap shot by Yanni Gourde.
1:16 of 2nd period - Shot Misses the Net.
1:18 of 2nd period - Slapshot by Andrei Markov.
1:18 of 2nd period - Stopped by Cam Ward with a rebound.
1:20 of 2nd period - Wrist shot by Yanni Gourde.
1:20 of 2nd period - Stopped by Cam Ward with a rebound.
1:22 of 2nd period - Backhand shot by Sven Andrighetto.
1:22 of 2nd period - Shot Hit the Post.
1:24 of 2nd period - Wrist shot by Carl Hagelin.
1:24 of 2nd period - Shot Misses the Net.
1:40 of 2nd period - Snap shot by Craig Smith.
1:40 of 2nd period - Shot Blocked by Yanni Gourde.
1:48 of 2nd period - Snap shot by Carl Hagelin.
1:48 of 2nd period - Stopped by Cam Ward without a rebound.
1:49 of 2nd period - Jordan Staal wins face-off versus Eric Staal in Ducks zone.
2:43 of 2nd period - Vladislav Namestnikov is hit by Tommy Wingels and loses puck.
3:19 of 2nd period - Wrist shot by David Krejci.
3:19 of 2nd period - Shot Blocked by Cam Atkinson.
3:25 of 2nd period - Connor Carrick is hit by Andy Greene and loses puck.
3:49 of 2nd period - Off-side.
3:50 of 2nd period - David Krejci wins face-off versus Eric Staal in neutral zone.
4:11 of 2nd period - Minor Penalty to Milan Lucic for Slashing.
4:12 of 2nd period - Henrik Zetterberg wins face-off versus Phillip Danault in Ducks zone.
4:23 of 2nd period - Tom Wilson is hit by Andrei Markov and loses puck.
4:28 of 2nd period - Snap shot by Zach Parise.
4:28 of 2nd period - Shot Misses the Net.
4:57 of 2nd period - Icing by Niklas Hjalmarsson.
4:58 of 2nd period - Zach Parise wins face-off versus Phillip Danault in Blackhawks zone.
6:11 of 2nd period - Penalty to Milan Lucic is over, Milan Lucic is back on ice.
7:29 of 2nd period - Johan Larsson is hit by Cody McLeod and loses puck.
9:20 of 2nd period - Snap shot by Rasmus Ristolainen.
9:20 of 2nd period - Stopped by Mike Condon with a rebound.
9:22 of 2nd period - Wrist shot by David Krejci.
9:22 of 2nd period - Deflect By Patrik Laine.
9:22 of 2nd period - Goal by Patrik Laine - Blackhawks : 0 - Ducks : 1.
9:23 of 2nd period - Eric Staal wins face-off versus Jordan Staal in neutral zone.
9:58 of 2nd period - Off-side.
9:59 of 2nd period - Jordan Staal wins face-off versus Eric Staal in neutral zone.
10:24 of 2nd period - Niklas Hjalmarsson is hit by Tom Wilson and loses puck.
10:33 of 2nd period - Snap shot by Henrik Zetterberg.
10:33 of 2nd period - Shot Misses the Net.
11:22 of 2nd period - Snap shot by Andrew Shaw.
11:22 of 2nd period - Stopped by Cam Ward with a rebound.
11:36 of 2nd period - Slapshot by Nick Leddy.
11:36 of 2nd period - Deflect By Sven Andrighetto.
11:36 of 2nd period - Stopped by Mike Condon with a rebound.
12:16 of 2nd period - Wrist shot by Patrik Laine.
12:16 of 2nd period - Stopped by Mike Condon with a rebound.
12:18 of 2nd period - Slapshot by Nick Leddy.
12:18 of 2nd period - Deflect By Niklas Hjalmarsson.
12:18 of 2nd period - Stopped by Mike Condon with a rebound.
12:20 of 2nd period - Slapshot by Nick Leddy.
12:20 of 2nd period - Shot Blocked by Chris Kunitz.
12:22 of 2nd period - Wrist shot by David Krejci.
12:22 of 2nd period - Shot Misses the Net.
12:34 of 2nd period - Wrist shot by Vladislav Namestnikov.
12:34 of 2nd period - Deflect By Zach Parise.
12:34 of 2nd period - Shot Blocked by Rasmus Ristolainen.
12:34 of 2nd period - Puck is out of play.
12:35 of 2nd period - Eric Staal wins face-off versus Jordan Staal in Ducks zone.
12:52 of 2nd period - Snap shot by Jordan Staal.
12:52 of 2nd period - Stopped by Mike Condon with a rebound.
13:09 of 2nd period - Snap shot by Zach Parise.
13:09 of 2nd period - Shot Misses the Net.
13:11 of 2nd period - Wrist shot by Andrew Shaw.
13:11 of 2nd period - Stopped by Cam Ward with a rebound.
13:13 of 2nd period - Wrist shot by Ryan Ellis.
13:13 of 2nd period - Stopped by Cam Ward with a rebound.
13:19 of 2nd period - Snap shot by Eric Staal.
13:19 of 2nd period - Shot Blocked by Rasmus Ristolainen.
13:21 of 2nd period - Slapshot by Zach Parise.
13:21 of 2nd period - Shot Blocked by Rasmus Ristolainen.
13:23 of 2nd period - Wrist shot by Eric Staal.
13:23 of 2nd period - Stopped by Cam Ward with a rebound.
13:33 of 2nd period - Snap shot by Zach Parise.
13:33 of 2nd period - Stopped by Cam Ward with a rebound.
13:35 of 2nd period - Snap shot by Eric Staal.
13:35 of 2nd period - Shot Misses the Net.
13:37 of 2nd period - Snap shot by Andrew Shaw.
13:37 of 2nd period - Shot Blocked by Rasmus Ristolainen.
13:43 of 2nd period - Snap shot by Zach Parise.
13:43 of 2nd period - Deflect By Andrew Shaw.
13:43 of 2nd period - Shot Misses the Net.
13:43 of 2nd period - Puck is out of play.
13:44 of 2nd period - Milan Lucic wins face-off versus Henrik Zetterberg in Ducks zone.
13:44 of 2nd period - Milan Lucic is hit by Alexander Steen.
13:52 of 2nd period - Snap shot by Patrik Laine.
13:52 of 2nd period - Stopped by Mike Condon with a rebound.
13:54 of 2nd period - Wrist shot by Patrik Laine.
13:54 of 2nd period - Deflect By David Krejci.
13:54 of 2nd period - Shot Misses the Net.
13:54 of 2nd period - Puck is out of play.
13:55 of 2nd period - Henrik Zetterberg wins face-off versus Trevor Lewis in Blackhawks zone.
14:06 of 2nd period - Slapshot by Trevor Lewis.
14:06 of 2nd period - Deflect By Craig Smith.
14:06 of 2nd period - Goal by Craig Smith - Blackhawks : 0 - Ducks : 2.
14:07 of 2nd period - Jordan Staal wins face-off versus Henrik Zetterberg in neutral zone.
14:10 of 2nd period - Snap shot by Nick Leddy.
14:10 of 2nd period - Deflect By Jordan Staal.
14:10 of 2nd period - Shot Blocked by Andy Greene.
14:10 of 2nd period - Puck is out of play.
14:11 of 2nd period - Jordan Staal wins face-off versus Henrik Zetterberg in Blackhawks zone.
14:22 of 2nd period - Snap shot by Henrik Zetterberg.
14:22 of 2nd period - Stopped by Cam Ward without a rebound.
14:23 of 2nd period - Eric Staal wins face-off versus Jordan Staal in Ducks zone.
14:32 of 2nd period - Minor Penalty to Andrew Shaw for Boarding.
14:33 of 2nd period - Henrik Zetterberg wins face-off versus Jordan Staal in Blackhawks zone.
14:43 of 2nd period - Nick Leddy is hit by Zach Parise and loses puck.
15:00 of 2nd period - Andrei Markov is hit by Jean-Gabriel Pageau and loses puck.
15:15 of 2nd period - Andy Greene is hit by David Krejci and loses puck.
15:51 of 2nd period - Icing by Milan Lucic.
15:52 of 2nd period - Henrik Zetterberg wins face-off versus Jordan Staal in Ducks zone.
16:25 of 2nd period - Snap shot by Henrik Zetterberg.
16:25 of 2nd period - Stopped by Cam Ward without a rebound.
16:26 of 2nd period - Jordan Staal wins face-off versus Johan Larsson in Ducks zone.
16:31 of 2nd period - Johan Larsson is hit by Patrik Laine and loses puck.
16:32 of 2nd period - Penalty to Andrew Shaw is over, Andrew Shaw is back on ice.
17:14 of 2nd period - Minor Penalty to Trevor Lewis for Goalie Interference.
17:15 of 2nd period - Phillip Danault wins face-off versus Andrew Shaw in Ducks zone.
17:24 of 2nd period - Slapshot by Ryan Ellis.
17:24 of 2nd period - Stopped by Cam Ward with a rebound.
17:26 of 2nd period - Snap shot by Zach Parise.
17:26 of 2nd period - Stopped by Cam Ward with a rebound.
17:28 of 2nd period - Slapshot by Zach Parise.
17:28 of 2nd period - Goal by Zach Parise - Blackhawks : 1 - Ducks : 2.
17:29 of 2nd period - Jordan Staal wins face-off versus Eric Staal in neutral zone.
17:40 of 2nd period - Slapshot by Phillip Danault.
17:40 of 2nd period - Shot Misses the Net.
17:42 of 2nd period - Wrist shot by Jean-Gabriel Pageau.
17:42 of 2nd period - Stopped by Mike Condon without a rebound.
17:43 of 2nd period - Jordan Staal wins face-off versus Cam Atkinson in Blackhawks zone.
17:44 of 2nd period - Wrist shot by Phillip Danault.
17:44 of 2nd period - Shot Misses the Net.
18:14 of 2nd period - Snap shot by Milan Lucic.
18:14 of 2nd period - Deflect By Zach Parise.
18:14 of 2nd period - Stopped by Mike Condon with a rebound.
18:24 of 2nd period - Wrist shot by David Krejci.
18:24 of 2nd period - Stopped by Mike Condon without a rebound.
18:25 of 2nd period - Trevor Lewis wins face-off versus Yanni Gourde in Blackhawks zone.
18:28 of 2nd period - Wrist shot by Craig Smith.
18:28 of 2nd period - Shot Misses the Net.
18:30 of 2nd period - Slapshot by Deryk Engelland.
18:30 of 2nd period - Stopped by Mike Condon without a rebound.
18:31 of 2nd period - Yanni Gourde wins face-off versus Trevor Lewis in Blackhawks zone.
18:53 of 2nd period - Wrist shot by Carl Hagelin.
18:53 of 2nd period - Stopped by Cam Ward with a rebound.
19:05 of 2nd period - Slapshot by Tom Wilson.
19:05 of 2nd period - Shot Misses the Net.
19:13 of 2nd period - Slapshot by Rasmus Ristolainen.
19:13 of 2nd period - Shot Blocked by Ryan Ellis.
19:25 of 2nd period - Slapshot by Trevor Lewis.
19:25 of 2nd period - Stopped by Mike Condon with a rebound.
19:27 of 2nd period - Snap shot by Deryk Engelland.
19:27 of 2nd period - Stopped by Mike Condon with a rebound.
19:29 of 2nd period - Snap shot by Tom Wilson.
19:29 of 2nd period - Stopped by Mike Condon without a rebound.
19:30 of 2nd period - Jordan Staal wins face-off versus Eric Staal in Blackhawks zone.
19:35 of 2nd period - Wrist shot by Phillip Danault.
19:35 of 2nd period - Shot Misses the Net.
19:41 of 2nd period - Eric Staal is hit by Jean-Gabriel Pageau and loses puck.
Goals for this period are 1 for Blackhawks vs 2 for Ducks.
Shots for this period are 14 for Blackhawks vs 16 for Ducks.

3rd period


0:01 of 3rd period - Jordan Staal wins face-off versus Eric Staal in neutral zone.
0:04 of 3rd period - Eric Staal is hit by Jordan Staal and loses puck.
0:15 of 3rd period - Wrist shot by Phillip Danault.
0:15 of 3rd period - Stopped by Mike Condon without a rebound.
0:16 of 3rd period - David Krejci wins face-off versus Henrik Zetterberg in Blackhawks zone.
0:21 of 3rd period - Snap shot by Patrik Laine.
0:21 of 3rd period - Shot Misses the Net.
0:23 of 3rd period - Snap shot by Patrik Laine.
0:23 of 3rd period - Deflect By Andrei Markov.
0:23 of 3rd period - Shot Misses the Net.
0:23 of 3rd period - Puck is out of play.
0:24 of 3rd period - Henrik Zetterberg wins face-off versus David Krejci in Blackhawks zone.
0:29 of 3rd period - Patrik Laine is hit by Andrei Markov and loses puck.
0:42 of 3rd period - Snap shot by Milan Lucic.
0:42 of 3rd period - Shot Misses the Net.
0:44 of 3rd period - Slapshot by Jack Johnson.
0:44 of 3rd period - Shot Blocked by Ryan Ellis.
0:46 of 3rd period - Slapshot by Nick Leddy.
0:46 of 3rd period - Stopped by Mike Condon without a rebound.
0:47 of 3rd period - Jordan Staal wins face-off versus Eric Staal in Blackhawks zone.
1:58 of 3rd period - Off-side.
1:59 of 3rd period - Johan Larsson wins face-off versus Riley Nash in neutral zone.
2:04 of 3rd period - Slapshot by Andy Greene.
2:04 of 3rd period - Stopped by Cam Ward with a rebound.
3:18 of 3rd period - Snap shot by Tom Wilson.
3:18 of 3rd period - Deflect By Craig Smith.
3:18 of 3rd period - Shot Misses the Net.
3:18 of 3rd period - Puck is out of play.
3:19 of 3rd period - Eric Staal wins face-off versus Phillip Danault in Blackhawks zone.
3:24 of 3rd period - Snap shot by Eric Staal.
3:24 of 3rd period - Stopped by Cam Ward with a rebound.
3:26 of 3rd period - Slapshot by Andrew Shaw.
3:26 of 3rd period - Stopped by Cam Ward with a rebound.
3:28 of 3rd period - Snap shot by Eric Staal.
3:28 of 3rd period - Shot Blocked by Jean-Gabriel Pageau.
3:30 of 3rd period - Slapshot by Derek Forbort.
3:30 of 3rd period - Shot Misses the Net.
3:32 of 3rd period - Wrist shot by Andrew Shaw.
3:32 of 3rd period - Shot Misses the Net.
3:34 of 3rd period - Backhand shot by Zach Parise.
3:34 of 3rd period - Shot Misses the Net.
3:44 of 3rd period - Slapshot by Yanni Gourde.
3:44 of 3rd period - Stopped by Cam Ward with a rebound.
4:56 of 3rd period - Snap shot by Johan Larsson.
4:56 of 3rd period - Shot Blocked by Trevor Lewis.
5:12 of 3rd period - Snap shot by Sven Andrighetto.
5:12 of 3rd period - Shot Blocked by Riley Nash.
5:20 of 3rd period - Backhand shot by Riley Nash.
5:20 of 3rd period - Shot Misses the Net.
5:32 of 3rd period - Wrist shot by Yanni Gourde.
5:32 of 3rd period - Shot Misses the Net.
6:41 of 3rd period - Snap shot by Vladislav Namestnikov.
6:41 of 3rd period - Stopped by Cam Ward with a rebound.
6:54 of 3rd period - Icing by Ryan Ellis.
6:55 of 3rd period - Henrik Zetterberg wins face-off versus Trevor Lewis in Blackhawks zone.
7:04 of 3rd period - Wrist shot by Cam Atkinson.
7:04 of 3rd period - Stopped by Cam Ward with a rebound.
7:48 of 3rd period - Slapshot by Connor Carrick.
7:48 of 3rd period - Shot Blocked by Carl Hagelin.
7:50 of 3rd period - Snap shot by Jonathan Ericsson.
7:50 of 3rd period - Stopped by Mike Condon with a rebound.
7:52 of 3rd period - Slapshot by Connor Carrick.
7:52 of 3rd period - Shot Misses the Net.
7:54 of 3rd period - Slapshot by Connor Carrick.
7:54 of 3rd period - Shot Misses the Net.
8:06 of 3rd period - Slapshot by Andy Greene.
8:06 of 3rd period - Shot Misses the Net.
8:08 of 3rd period - Slapshot by Niklas Hjalmarsson.
8:08 of 3rd period - Deflect By Riley Nash.
8:08 of 3rd period - Stopped by Cam Ward with a rebound.
8:10 of 3rd period - Wrist shot by Chris Kunitz.
8:10 of 3rd period - Shot Misses the Net.
8:12 of 3rd period - Slapshot by Johan Larsson.
8:12 of 3rd period - Stopped by Cam Ward without a rebound.
8:13 of 3rd period - Jordan Staal wins face-off versus Eric Staal in Ducks zone.
8:18 of 3rd period - Zach Parise is hit by Nick Leddy and loses puck.
8:39 of 3rd period - Henrik Zetterberg is hit by Milan Lucic.
9:01 of 3rd period - Wrist shot by Cam Atkinson.
9:01 of 3rd period - Shot Blocked by Connor Carrick.
9:07 of 3rd period - Sven Andrighetto is hit by Trevor Lewis and loses puck.
9:39 of 3rd period - Off-side.
9:40 of 3rd period - Jordan Staal wins face-off versus Eric Staal in neutral zone.
9:44 of 3rd period - Minor Penalty to Andrew Shaw for Cross-checking.
9:45 of 3rd period - Henrik Zetterberg wins face-off versus Jordan Staal in Blackhawks zone.
9:48 of 3rd period - Slapshot by Jordan Staal.
9:48 of 3rd period - Stopped by Mike Condon with a rebound.
9:50 of 3rd period - Snap shot by Patrik Laine.
9:50 of 3rd period - Shot Misses the Net.
9:52 of 3rd period - Wrist shot by Patrik Laine.
9:52 of 3rd period - Stopped by Mike Condon with a rebound.
10:04 of 3rd period - Zach Parise is hit by Jordan Staal and loses puck.
10:19 of 3rd period - Backhand shot by Rasmus Ristolainen.
10:19 of 3rd period - Shot Misses the Net.
10:21 of 3rd period - Slapshot by Rasmus Ristolainen.
10:21 of 3rd period - Deflect By David Krejci.
10:21 of 3rd period - Shot Blocked by Niklas Hjalmarsson.
10:21 of 3rd period - Puck is out of play.
10:22 of 3rd period - Henrik Zetterberg wins face-off versus Tom Wilson in Blackhawks zone.
10:44 of 3rd period - Snap shot by Johan Larsson.
10:44 of 3rd period - Shot Hit the Post.
10:46 of 3rd period - Wrist shot by Carl Hagelin.
10:46 of 3rd period - Shot Misses the Net.
10:48 of 3rd period - Slapshot by Andy Greene.
10:48 of 3rd period - Shot Misses the Net.
11:00 of 3rd period - Snap shot by David Krejci.
11:00 of 3rd period - Shot Blocked by Henrik Zetterberg.
11:44 of 3rd period - Penalty to Andrew Shaw is over, Andrew Shaw is back on ice.
11:58 of 3rd period - Cody McLeod is hit by Zach Parise and loses puck.
12:09 of 3rd period - Wrist shot by Henrik Zetterberg.
12:09 of 3rd period - Stopped by Cam Ward with a rebound.
12:11 of 3rd period - Slapshot by Ryan Ellis.
12:11 of 3rd period - Shot Misses the Net.
12:13 of 3rd period - Snap shot by Ryan Ellis.
12:13 of 3rd period - Deflect By Andrew Shaw.
12:13 of 3rd period - Stopped by Cam Ward without a rebound.
12:14 of 3rd period - Trevor Lewis wins face-off versus Yanni Gourde in Ducks zone.
12:16 of 3rd period - Minor Penalty to Tom Wilson for Elbowing.
12:17 of 3rd period - Phillip Danault wins face-off versus Henrik Zetterberg in Ducks zone.
12:21 of 3rd period - Slapshot by Deryk Engelland.
12:21 of 3rd period - Deflect By Phillip Danault.
12:21 of 3rd period - Stopped by Mike Condon without a rebound.
12:22 of 3rd period - Henrik Zetterberg wins face-off versus Phillip Danault in Blackhawks zone.
14:16 of 3rd period - Penalty to Tom Wilson is over, Tom Wilson is back on ice.
14:50 of 3rd period - Snap shot by Vladislav Namestnikov.
14:50 of 3rd period - Shot Misses the Net.
15:07 of 3rd period - Icing by Nick Leddy.
15:08 of 3rd period - Riley Nash wins face-off versus Henrik Zetterberg in Ducks zone.
15:19 of 3rd period - Alexander Steen is hit by Jean-Gabriel Pageau.
15:43 of 3rd period - Milan Lucic is hit by Andrew Shaw and loses puck.
16:36 of 3rd period - Slapshot by Andrei Markov.
16:36 of 3rd period - Stopped by Cam Ward with a rebound.
16:38 of 3rd period - Wrist shot by Sven Andrighetto.
16:38 of 3rd period - Stopped by Cam Ward with a rebound.
16:40 of 3rd period - Wrist shot by Sven Andrighetto.
16:40 of 3rd period - Stopped by Cam Ward with a rebound.
17:10 of 3rd period - Jordan Staal is hit by Brandon Davidson and loses puck.
17:39 of 3rd period - Slapshot by Craig Smith.
17:39 of 3rd period - Stopped by Mike Condon without a rebound.
17:40 of 3rd period - Trevor Lewis wins face-off versus Johan Larsson in Blackhawks zone.
18:03 of 3rd period - Slapshot by Nick Leddy.
18:03 of 3rd period - Stopped by Mike Condon without a rebound.
18:04 of 3rd period - Yanni Gourde wins face-off versus Jean-Gabriel Pageau in Blackhawks zone.
18:31 of 3rd period - Milan Lucic is hit by Niklas Hjalmarsson and loses puck.
19:11 of 3rd period - Snap shot by Patrik Laine.
19:11 of 3rd period - Goal by Patrik Laine - Blackhawks : 1 - Ducks : 3.
19:12 of 3rd period - Trevor Lewis wins face-off versus Yanni Gourde in neutral zone.
19:23 of 3rd period - Tom Wilson is hit by Carl Hagelin and loses puck.
19:51 of 3rd period - Minor Penalty to Andrei Markov for Holding Stick.
19:52 of 3rd period - Henrik Zetterberg wins face-off versus Jordan Staal in Blackhawks zone.
Goals for this period are 0 for Blackhawks vs 1 for Ducks.
Shots for this period are 13 for Blackhawks vs 9 for Ducks.